Description

Bronze build order, to get used to macro

Build Order

Get SALT Encoding   

  8  0:00  Probe (Chrono Boost)  Non stop probes chrono at 7 seconds queue max 2 at a time
  12  0:45  Pylon  build 1 pylon in open area at your main
  15  1:05  Gateway  Build 1 Gateway at your main
  16  1:24  Assimilator  Build 1 Assimilator and assign 2 probes at first
  18  1:45  Cybernetics Core  Build Cybernetics core at main
  20  2:00  Pylon  to avoid supply block build a pylon
  22  2:20  Nexus  Build a nexus at the natural
  23  2:35  Assimilator  Build second assimilator
  24  2:45  Warp Gate (Chrono Boost), Adept  Start warp gate in cybernetics core keep chrono active, use 1 adept/stalker for scouting
  29  3:15  Pylon  Build a pylon at the natural
  30  3:30  Robotics Facility  Build robo facility
  34  4:00  Gateway  Build additional Gateway
  36  4:15  Gateway  Build additional Gateway
  40  4:40  Twilight Council  
  43  5:00  Pylon  
  44  5:10  Immortal  Start immortal production
  45  5:14  Charge (Chrono Boost)  Begin charge research keep chrono active
  49  5:45  Gateway  
  51  6:00  Gateway  
Spawning Tool Build Advisor. Get it on Overwolf

Go to:

Details

  • Created by: KaoticKricket
  • Published on: Aug 06, 2026
  • Modified on: Aug 06, 2026
  • Patch: 5.0.16
  • Difficulty: Easy
Show
View Real Time Build Order
Export as new Build Order

Comments (0)

There are no comments. Be the first!

Create an account to comment!